 Dungeon Crawl Stone Soup version 0.24-a0-203-gf0bc1e9 (webtiles) character file.

Game seed: 11051870879685505418

16 Goblin1989 the Vexing (level 2, 0/21 HPs)
             Began as a Demonspawn Arcane Marksman on Mar 27, 2019.
             Slain by Natasha (9 damage)
             ... on level 2 of the Dungeon.
             The game lasted 00:02:00 (1367 turns).

Goblin1989 the Vexing (Demonspawn Arcane Marksman)  Turns: 1367, Time: 00:02:01

Health: 0/21       AC:  2    Str: 10    XL:     2   Next: 41%
Magic:  3/3        EV: 12    Int: 14    God:
Gold:   68         SH:  0    Dex: 13    Spells: 2/3 levels left

rFire    . . .     SeeInvis .   (no weapon)
rCold    + . .     Gourm    .   (no shield)
rNeg     . . .     Faith    .   f - +0 robe
rPois    .         Spirit   .   (no helmet)
rElec    .         Reflect  .   (no cloak)
rCorr    .         Harm     .   (no gloves)
MR       .....                  (no boots)
Stlth    +.........             (no amulet)
HPRegen  0.07/turn              (no ring)
MPRegen  0.08/turn              (no ring)

@: no status effects
A: cold resistance 1
a: no special abilities


You were on level 2 of the Dungeon.
You were not hungry.

You visited 1 branch of the dungeon, and saw 2 of its levels.

You collected 68 gold pieces.

Inventory:

Hand Weapons
 a - a +0 shortbow
Missiles
 d - 6 arrows
Armour
 f - a +0 robe (worn)
Jewellery
 l - an uncursed amulet of magic regeneration {unknown}
Scrolls
 i - a scroll of amnesia {unknown}
 j - a scroll of teleportation {unknown}
 k - a scroll of magic mapping {unknown}
 m - 2 scrolls of remove curse {unknown}
Potions
 g - a potion of cancellation {unknown}
Comestibles
 e - 6 rations


   Skills:
 - Level 1.0 Fighting
 + Level 2.8 Bows
 - Level 1.7 Dodging
 - Level 1.0 Spellcasting
 - Level 3.0 Hexes


You had 2 spell levels left.
You knew the following spells:

 Your Spells              Type           Power        Failure   Level  Hunger
a - Corona                Hex            #......      8%          1    ##.....

Your spell library contained the following spells:

 Spells                   Type           Power        Failure   Level  Hunger
 Slow                     Hex            #.......     12%         2    ###....
 Inner Flame              Hex/Fire       #.......     38%         3    ####...
 Portal Projectile        Hex/Tloc       #.....       38%         3    ####...
 Cause Fear               Hex            #.........   58%         4    #####..
 Leda's Liquefaction      Hex/Erth       #.........   80%         4    #####..


Dungeon Overview and Level Annotations

Branches:
Dungeon (2/15)

Altars:

Annotations:
D:2 Natasha


Innate Abilities, Weirdness & Mutations

Your flesh is cold resistant. (rC+)


Message History

* * * LOW HITPOINT WARNING * * *
The bat barely misses you.
You take 1 damage, and have 5/21 hp.
You miss the bat.
The bat is severely wounded.
The bat barely misses you. The bat hits you but does no damage.
The bat closely misses you.
You closely miss the bat.
The bat is severely wounded.
The bat hits you.
* * * LOW HITPOINT WARNING * * *
The bat closely misses you.
You take 1 damage, and have 4/21 hp.
You barely miss the bat.
The bat is severely wounded.
The bat hits you but does no damage. The bat hits you.
* * * LOW HITPOINT WARNING * * *
The bat hits you but does no damage.
You take 1 damage, and have 4/21 hp.
You hit the bat.
You kill the bat!
You see here a bat corpse.
You see here a bat corpse.
You butcher the bat corpse.
n - a chunk of flesh You see here a bat skeleton.
You start resting.
Eating a chunk of flesh.
You eat the chunk of flesh.
This raw flesh tastes terrible.
HP restored.
Health restored: 21 You start waiting.
Done waiting.
d - an arrow You see here a frilled lizard skeleton.
There is a stone staircase leading down here.
You see here a frilled lizard skeleton.
d - 6 arrows (gained 5)
You can't go down here!
You can't go down here!
Unknown command.
There is a stone staircase leading down here.
You climb downwards.
Level annotation: Natasha A goblin comes into view.
It is wielding a +0 dagger.
Natasha hisses angrily.
There is a stone staircase leading up here.
Unknown command.
Natasha claws you!
You take 8 damage, and have 13/21 hp.
MASSIVE DAMAGE!!
You hit Natasha but do no damage. Natasha misses you.
You barely miss Natasha. Natasha claws you.
You take 1 damage, and have 12/21 hp.
You are too injured to fight recklessly!
You are too injured to fight recklessly!
You are too injured to fight recklessly!
You are too injured to fight recklessly!
You are too injured to fight recklessly!
You are too injured to fight recklessly!
You are too injured to fight recklessly!
You are too injured to fight recklessly!
You are too injured to fight recklessly!
You are too injured to fight recklessly!
You are too injured to fight recklessly!
You are too injured to fight recklessly!
You are too injured to fight recklessly!
You are too injured to fight recklessly!
You are too injured to fight recklessly!
You are too injured to fight recklessly!
You are too injured to fight recklessly!
You are too injured to fight recklessly!
You are too injured to fight recklessly!
You are too injured to fight recklessly!
You are too injured to fight recklessly!
You are too injured to fight recklessly!
You are too injured to fight recklessly!
You are too injured to fight recklessly!
You are too injured to fight recklessly!
You are too injured to fight recklessly!
You are too injured to fight recklessly!
You are too injured to fight recklessly!
You are too injured to fight recklessly!
You hit Natasha.
Natasha is lightly wounded.
Natasha barely misses you.
You barely miss Natasha.
Natasha is lightly wounded.
The frilled lizard barely misses you. Natasha closely misses you.
You miss Natasha.
Natasha is lightly wounded.
The frilled lizard barely misses you. Natasha claws you.
* * * LOW HITPOINT WARNING * * *
You take 3 damage, and have 9/21 hp.
You miss Natasha.
Natasha is lightly wounded.
The frilled lizard closely misses you.
A giant cockroach comes into view.
Natasha claws you!
You die...

█...........g.█
█.........█$█..
..............
...........s.
...........█
..........█
..........████
.....█.<.....██
.......@l........
..█....h.........
█..............
█..............
█............
█............
█.██.....██████
█. ..█.<(......
█.██....%.


You could see Natasha, a giant cockroach (wandering) and a frilled lizard.

Vanquished Creatures
  A leopard gecko (D:1)
  4 goblins (D:1)
  2 hobgoblins (D:1)
  3 kobolds
  2 bats (D:1)
  A frilled lizard (D:1)
  A rat (D:1)
14 creatures vanquished.

Notes
Turn   | Place    | Note
-------+----------+-------------------------------------------
     0 | D:1      | Goblin1989 the Demonspawn Arcane Marksman began the quest
                  | for the Orb.
     0 | D:1      | Reached XP level 1. HP: 15/15 MP: 2/2
   252 | D:1      | Gained mutation: Your flesh is cold resistant. (rC+)
                  | [demonic ancestry]
   252 | D:1      | Reached XP level 2. HP: 21/21 MP: 3/3
   886 | D:2      | Noticed Natasha
  1367 | D:2      | Slain by Natasha

Levels and vault maps discovered:
D:1:      scummos_arrival_star, layout_basic,
          hangedman_abyss_or_decor_lesser_grid
D:2:      layout_rooms, first_ration, uniq_natasha

Skill      XL: |  1 |
---------------+----+-----
Bows           | 2 |  2.8
Fighting       | |  1.0
Dodging        | |  1.7
Spellcasting   | |  1.0
Hexes          | |  3.0

Action                   || total
-------------------------++-------
Melee: Unarmed           ||    15
 Fire: Shortbow          ||    43
  Eat: Chunk             ||     1
Armor: Robe              ||    19
Dodge: Dodged            ||    51

Table legend:
 A = Non-vault XP
 B = Vault XP
 C = Vault XP percentage of total XP
 D = Non-vault monster count
 E = Vault monster count
 F = Vault count percentage of total count
                 A         B        C        D         E       F
            +---------+---------+-------+---------+---------+-------
      Total |      24 |       0 |   0.0 |      14 |       0 |   0.0
            +---------+---------+-------+---------+---------+-------
        D:1 |      23 |       0 |   0.0 |      13 |       0 |   0.0
        D:2 |       1 |       0 |   0.0 |       1 |       0 |   0.0
            +---------+---------+-------+---------+---------+-------

Levels and vault maps discovered:
D:1:      scummos_arrival_star, layout_basic,
          hangedman_abyss_or_decor_lesser_grid
D:2:      layout_rooms, first_ration, uniq_natasha
